 Dungeon Crawl Stone Soup version 0.25-a0-51-gc466198 (webtiles) character file.

Game seed: 10464058968125206308, levelgen mode: deterministic

43 BoppinsLewinski the Chopper (level 3, 0/22 HPs)
             Began as a Deep Elf Berserker on Oct 25, 2019.
             Was a Follower of Trog.
             Slain by a frilled lizard (1 damage)
             ... on level 2 of the Dungeon.
             The game lasted 00:02:36 (1922 turns).

BoppinsLewinski the Chopper (Deep Elf Berserker)    Turns: 1922, Time: 00:02:37

Health: 0/22       AC:  8    Str: 15    XL:     3   Next: 37%
Magic:  5/5        EV:  7    Int: 11    God:    Trog [*.....]
Gold:   10         SH:  0    Dex: 14    Spells: 2/2 levels left

rFire    . . .     SeeInvis .   a - +0 hand axe
rCold    . . .     Gourm    .   (no shield)
rNeg     . . .     Faith    .   f - +0 chain mail
rPois    .         Spirit   .   (no helmet)
rElec    .         Reflect  .   (no cloak)
rCorr    .         Harm     .   (no gloves)
MR       .....                  (no boots)
Stlth    ..........             (no amulet)
HPRegen  0.07/turn              (no ring)
MPRegen  0.09/turn              (no ring)

@: berserk cooldown, very slightly contaminated, slowed, invisible, very slow
A: no striking features
a: Berserk, Renounce Religion


You were on level 2 of the Dungeon.
You worshipped Trog.
Trog was aware of your devotion.
You were very hungry.

You visited 1 branch of the dungeon, and saw 2 of its levels.

You collected 10 gold pieces.

Inventory:

Hand Weapons
 a - a +0 hand axe (weapon)
Armour
 f - a +0 chain mail (worn)
Scrolls
 d - a scroll of immolation {unknown}
Comestibles
 c - 2 rations


   Skills:
 + Level 2.6 Fighting
 * Level 2.9 Axes
 + Level 1.2 Throwing
 + Level 1.9 Armour
 + Level 2.8 Dodging


You had 2 spell levels left.
You didn't know any spells.
Your spell library was empty.

Dungeon Overview and Level Annotations

Branches:
Dungeon (2/15)

Altars:


Message History

Unknown command.
Tha frilled lizard hisses angrily.
Unknown command.
* * * LOW HITPOINT WARNIN'
* * * Ye feel sick.
Ye be nay longer poison'd.
Unknown command.
Tha frilled lizard hisses angrily.
Unknown command.
Tha frilled lizard hisses angrily.
Tha frilled lizard barely misses ye.
Unknown command.
Tha frilled lizard barely misses ye. x2
Unknown command.
Tha frilled lizard barely misses ye.
Tha frilled lizard barely misses ye.
Tha frilled lizard bites ye but does nay damage.
Unknown command.
Tha frilled lizard bites ye.
Ye die...

#<.......#
.....##.###.....
.#####...## ###
#.####.....#
#.........##
########.## #.#
#l# ##@##
##...##
##.....##
##.......##
#.........#
+.........+
#....[....#
##.......##
##.....##


You could see a frilled lizard.

Vanquished Creatures
  An adder (D:2)
  An ooze (D:1)
  A dart slug (D:1)
  A leopard gecko (D:1)
  2 bats (D:1)
  A giant cockroach (D:1)
  3 goblins
  4 hobgoblins
  4 jackals (D:1)
  2 kobolds
  3 frilled lizards
  2 rats
25 creatures vanquished.

Notes
Turn   | Place    | Note
-------+----------+-------------------------------------------
     0 | D:1      | BoppinsLewinski the Deep Elf Berserker began the quest for
                  | the Orb.
     0 | D:1      | Reached XP level 1. HP: 13/13 MP: 3/3
   474 | D:1      | Reached XP level 2. HP: 4/18 MP: 4/4
   978 | D:1      | Reached skill level 1 in Throwing
  1840 | D:2      | Reached XP level 3. HP: 22/22 MP: 5/5
  1916 | D:2      | HP: 1/22 [poisoned by an adder]
  1922 | D:2      | Slain by a frilled lizard

Levels and vault maps discovered:
D:1:      dpeg_arrival_triangle_fractal, layout_loops_ring
D:2:      layout_loops_corners, makhleb_altar_promises_db,
          overflow_temple_1_default, nemelex_diamond_rough_becter, uniq_terence,
          uniq_sigmund

Skill      XL: |  1  2 |
---------------+-------+-----
Throwing       | 1 |  1.2
Fighting       | |  2.6
Axes           | |  2.9
Armour         | |  1.9
Dodging        | |  2.8

Action                   || total
-------------------------++-------
Melee: Hand axe          ||   100
Invok: Berserk           ||     4
  Use: Potion            ||     1
  Eat: Chunk             ||     5
Armor: Animal skin       ||    14
       Chain mail        ||    11
Dodge: Dodged            ||    89

Table legend:
 A = Non-vault XP
 B = Vault XP
 C = Vault XP percentage of total XP
 D = Non-vault monster count
 E = Vault monster count
 F = Vault count percentage of total count
                 A         B        C        D         E       F
            +---------+---------+-------+---------+---------+-------
      Total |      62 |       0 |   0.0 |      25 |       0 |   0.0
            +---------+---------+-------+---------+---------+-------
        D:1 |      40 |       0 |   0.0 |      18 |       0 |   0.0
        D:2 |      22 |       0 |   0.0 |       7 |       0 |   0.0
            +---------+---------+-------+---------+---------+-------
